 Dungeon Crawl Stone Soup version 0.27.0-1-g7a089689b8 (webtiles) character file.

Game seed: 13071793170726266630

1063 Acheron the Chopper (level 8, 0/103 HPs)
             Began as a Minotaur Monk on Aug 13, 2021.
             Was a Priest of Zin.
             Succumbed to a water moccasin's poison
             ... on level 5 of the Dungeon.
             The game lasted 00:15:25 (4780 turns).

Acheron the Chopper (Minotaur Monk)                 Turns: 4780, Time: 00:15:26

Health: 0/103      AC:  5    Str: 16    XL:     8   Next: 6%
Magic:  7/9        EV: 14    Int:  7    God:    Zin [***...]
Gold:   104        SH:  0    Dex: 15    Spells: 9/9 levels left

rFire    . . .     SeeInvis .   a - +0 hand axe
rCold    . . .     Faith    .   (no shield)
rNeg     . . .     Spirit   .   g - +0 leather armour
rPois    .         Reflect  .   (helmet restricted)
rElec    .         Harm     .   p - +1 cloak
rCorr    .         Rampage  .   (no gloves)
Will     .....                  (no boots)
Stlth    ..........             (no amulet)
HPRegen  0.27/turn              (no ring)
MPRegen  0.11/turn              (no ring)

@: berserking, lethally poisoned (0 -> -9), very quick
A: horns 2, retaliatory headbutt
a: Renounce Religion, Recite, Vitalisation, Imprison, Donate Gold


You were on level 5 of the Dungeon.
You worshipped Zin.
Zin was most pleased with you.
You visited 2 branches of the dungeon, and saw 7 of its levels.

You collected 115 gold pieces.
You donated 11 gold pieces to Zin.

Inventory:

Hand Weapons
 a - a +0 hand axe (weapon)
 n - a +3 trident of venom
Missiles
 k - 3 stones (quivered)
Armour
 g - a +0 leather armour (worn)
 p - a +1 cloak (worn)
Wands
 b - a wand of paralysis (7)
Scrolls
 d - a scroll of blinking
 h - 3 scrolls of teleportation
 m - a scroll of immolation
Potions
 i - a potion of haste
 q - a potion of curing
 r - a potion of mutation


   Skills:
 * Level 5.5 Fighting
 + Level 6.6 Axes
 * Level 4.1 Armour
 * Level 5.1 Dodging
 * Level 3.1 Stealth
 * Level 1.4 Spellcasting
 * Level 2.1 Invocations
 * Level 1.8 Evocations


You had 9 spell levels left.
You didn't know any spells.
Your spell library was empty.

Dungeon Overview and Level Annotations

Branches:
Dungeon (6/15)             Temple (1/1) D:4

Altars:
Cheibriados
Dithmenos
Elyvilon
Fedhas
Gozag
Hepliaklqana
Kikubaaqudgha
Makhleb
Nemelex Xobeh
Okawaru
Qazlal
Ru
Sif Muna
Trog
Uskayaw
Vehumet
Wu Jian
Xom
Yredelemnul
Zin
The Shining One

Shops:
D:1 (   D:6 (*


Innate Abilities, Weirdness & Mutations

You have a pair of horns on your head.
You reflexively headbutt those who attack you in melee.


Message History

You slash the bullfrog!
You kill the bullfrog!
Your Armour skill increases to level 4!
Your Dodging skill increases to level 5!
You hit the water moccasin but do no damage.
You headbutt the water moccasin.
The water moccasin is lightly wounded.
The water moccasin bites you.
* * * LOW HITPOINT WARNING * * *
You are poisoned.
The water moccasin poisons you! The water moccasin bites you.
* * * LOW HITPOINT WARNING * * *
You feel better. The water moccasin bites you!
* * * LOW HITPOINT WARNING * * *
A red film seems to cover your vision as you go berserk!
You feel yourself moving faster!
You feel mighty! The water moccasin bites you.
* * * LOW HITPOINT WARNING * * *
The water moccasin bites you!
* * * LOW HITPOINT WARNING * * *
You are lethally poisoned!
The water moccasin poisons you!
You slash the water moccasin!
The water moccasin is heavily wounded.
* * * LOW HITPOINT WARNING * * *
You feel very sick. The water moccasin bites you.
* * * LOW HITPOINT WARNING * * *
You slash the water moccasin! You headbutt the water moccasin.
You kill the water moccasin!
* * * LOW HITPOINT WARNING * * *
You feel sick.
You have reached level 8!
You feel agile.
You slash the orc!
You kill the orc!
* * * LOW HITPOINT WARNING * * *
You feel sick.
You slash the orc priest!
The orc priest is heavily wounded.
You die...

#.# #.# #.#
#.# #.# #.#
#.#
###.#######
#...o@....#
###.#######
#.# #.# #.#
#o. #o# o.


You could see an orc priest.

Vanquished Creatures
  A water moccasin (D:5)
  A sky beast (D:5)
  A necrophage (D:4)
  An ogre (D:5)
  2 bullfrogs
  3 scorpions
  A water moccasin skeleton (D:5)
  A jelly (D:5)
  A hound (D:5)
  2 hound skeletons (D:4)
  Robin (D:2)
  8 gnolls
  7 adders
  An ufetubus (D:6)
  2 worms
  3 dart slugs
  2 orcs
  4 endoplasms
  A giant cockroach (D:2)
  15 goblins
  7 hobgoblins
  8 jackals
  4 quokkas
  8 ball pythons
  7 bats
  4 frilled lizards
  7 kobolds
  6 rats
109 creatures vanquished.

Notes
Turn   | Place    | Note
-------+----------+-------------------------------------------
     0 | D:1      | Acheron the Minotaur Monk began the quest for the Orb.
     0 | D:1      | Reached XP level 1. HP: 19/19 MP: 0/0
   114 | D:1      | Reached XP level 2. HP: 18/27 MP: 1/1
   249 | D:1      | Reached skill level 4 in Axes
   399 | D:2      | HP: 2/40 [poisoned by an adder]
   718 | D:2      | Reached XP level 3. HP: 29/33 MP: 2/2
   936 | D:2      | Reached skill level 1 in Armour
  1301 | D:1      | Reached XP level 4. HP: 39/40 MP: 3/3
  1665 | D:1      | Found Onluqus's Weapon Boutique.
  2002 | D:2      | Reached skill level 5 in Axes
  2165 | D:2      | Noticed Robin
  2184 | D:2      | Reached XP level 5. HP: 9/46 MP: 4/4
  2184 | D:2      | HP: 2/46 [Robin (3)]
  2185 | D:2      | Killed Robin
  2591 | D:2      | Found a faded altar of an unknown god.
  2611 | D:2      | Became a worshipper of Zin the Law-Giver
  2611 | D:2      | Reached * piety under Zin
  2611 | D:2      | Reached ** piety under Zin
  2696 | D:4      | Noticed an ogre
  2839 | D:3      | Reached *** piety under Zin
  3405 | D:4      | Noticed a necrophage
  3419 | D:4      | Killed a necrophage
  3420 | D:4      | Reached XP level 6. HP: 42/53 MP: 5/5
  3505 | D:4      | Reached skill level 1 in Invocations
  3544 | D:5      | Entered Level 5 of the Dungeon
  3589 | D:4      | Found a staircase to the Ecumenical Temple.
  3607 | Temple   | Entered the Ecumenical Temple
  3909 | D:4      | Reached skill level 1 in Evocations
  4011 | D:4      | Reached XP level 7. HP: 46/60 MP: 7/7
  4097 | D:5      | Reached skill level 5 in Fighting
  4097 | D:5      | Reached skill level 6 in Axes
  4100 | D:5      | Reached skill level 1 in Spellcasting
  4711 | D:6      | Found Usuyt's Antique Weapon Boutique.
  4746 | D:6      | Found Fahug's General Store.
  4774 | D:5      | Reached skill level 5 in Dodging
  4777 | D:5      | HP: 4/91 [water moccasin (4)]
  4779 | D:5      | Reached XP level 8. HP: 3/69 MP: 7/9
  4779 | D:5      | HP: 1/103 [poisoned by a water moccasin]
  4780 | D:5      | Succumbed to a water moccasin's poison

Illustrated notes

Levels and vault maps discovered:
D:1:      dpeg_arrival_shrine, layout_loops_ring, serial_shops,
          nicolae_lakefront_shop
D:2:      layout_basic, hellmonk_ecumenical_altar_pennies_from_heaven,
          uniq_robin
D:3:      layout_loops_ring, minmay_pentomino_pile
D:4:      minmay_chambers_of_fours, layout_rooms, minmay_temple_entry_ruins,
          cheibrodos_sewer_entry_sluice, item_on_display_a
D:5:      layout_basic, lemuel_flamethrower_1
D:6:      layout_rooms, gammafunk_ghost_cemetery, serial_shops,
          kennysheep_mini_moat, shop_statue, nicolae_stop_n_shop_2,
          nicolae_shop_statue_plus, shop, ebering_dispersal_statue_hall,
          grunt_decor_resistance, minmay_misc_feat_enclosed, serial_bayou_pond_d
Temple:   roderic_octagonal_lattice_temple

Skill      XL: |  1  2  3  4  5  6  7 |
---------------+----------------------+-----
Axes           | 4 5 6 |  6.6
Fighting       | 4 5 |  5.5
Armour         | 1 2 3 4 |  4.1
Stealth        | 2 3 |  3.1
Dodging        | 4 5 |  5.1
Invocations    | 1 2 |  2.1
Evocations     | 1 |  1.8
Spellcasting   | 1 |  1.4

Action                   |  1- 3 |  4- 6 |  7- 9 || total
-------------------------+-------+-------+-------++-------
Melee: Hand axe          |    79 |   134 |    54 ||   267
       Headbutt          |    13 |    26 |    10 ||    49
Throw: Stone             |     4 |       |       ||     4
Invok: Recite            |       |       |     1 ||     1
  Use: Potion            |     1 |       |     2 ||     3
       Scroll            |       |       |    13 ||    13
 Stab: Sleeping          |     2 |       |       ||     2
       Distracted        |       |     1 |       ||     1
Armor: Robe              |     2 |       |       ||     2
       Leather armour    |    19 |    28 |    10 ||    57
Dodge: Dodged            |    51 |   109 |    36 ||   196
